 Dungeon Crawl Stone Soup version 0.26-a0-651-gb41185065b (webtiles) character file.

Game seed: 7134246369828074416

252 Lanoc the Digger (level 5, 0/35 HPs)
             Began as a Vampire Earth Elementalist on Oct 11, 2020.
             Was an Initiate of Sif Muna.
             Slain by an ice beast (7 damage)
             ... on level 5 of the Dungeon.
             The game lasted 00:04:16 (2380 turns).

Lanoc the Digger (Vampire Earth Elementalist)       Turns: 2380, Time: 00:04:17

Health: 0/35       AC:  2    Str:  7    XL:     5   Next: 89%
Magic:  2/8        EV: 14    Int: 18    God:    Sif Muna [......]
Gold:   85         SH:  0    Dex: 15    Spells: 7/8 levels left

rFire    . . .     SeeInvis +   (no weapon)
rCold    . . .     Faith    .   (no shield)
rNeg     . . .     Spirit   .   c - +0 robe
rPois    .         Reflect  .   (no helmet)
rElec    .         Harm     .   (no cloak)
rCorr    .         Rampage  .   (no gloves)
MR       .....                  (no boots)
Stlth    ++........             (no amulet)
HPRegen  0.31/turn              (no ring)
MPRegen  0.11/turn              (no ring)

@: very slightly contaminated, regenerating quickly
A: fangs 3, see invisible, unbreathing
a: Exsanguinate, Renounce Religion


You were on level 5 of the Dungeon.
You worshipped Sif Muna.
Sif Muna was noncommittal.
You visited 2 branches of the dungeon, and saw 6 of its levels.

You collected 85 gold pieces.

Inventory:

Missiles
 b - 8 stones (quivered)
Armour
 c - a +0 robe (worn)
Wands
 q - a wand of iceblast (11)
Scrolls
 e - 2 scrolls of remove curse {unknown}
 f - a scroll of enchant weapon {unknown}
 g - 2 scrolls of identify {unknown}
 h - a scroll of fear {unknown}
 j - a scroll of amnesia {unknown}
 k - 2 scrolls of enchant armour {unknown}
 l - a scroll of blinking {unknown}
 o - a scroll of teleportation {unknown}
Potions
 a - a potion of stabbing {unknown}
 d - 2 potions of brilliance {unknown}
 i - 3 potions of mutation {unknown}
 m - a potion of cancellation {unknown}
 n - 2 potions of heal wounds {unknown}
 p - a potion of might {unknown}


   Skills:
 + Level 4.2 Dodging
 - Level 3.0 Stealth
 - Level 2.0 Spellcasting
   Level 1.1 Transmutations
 * Level 5.7 Earth Magic


You had 7 spell levels left.
You knew the following spells:

 Your Spells              Type           Power        Failure   Level
a - Sandblast             Erth           ###...       1%          1

Your spell library contained the following spells:

 Spells                   Type           Power        Failure   Level
 Passwall                 Tmut/Erth      ##......     7%          2
 Stone Arrow              Conj/Erth      ##....       17%         3
 Corona                   Hex            #......      19%         1
 Ensorcelled Hibernation  Hex/Ice        #.....       26%         2
 Petrify                  Tmut/Erth      ##......     41%         4
 Lee's Rapid Deconstruct  Erth           ###.......   43%         5
 Confusing Touch          Hex            #.......     47%         3
 Dazzling Flash           Conj/Hex       #.....       47%         3
 Tukima's Dance           Hex            #.......     47%         3


Dungeon Overview and Level Annotations

Branches:
Dungeon (5/15)             Temple (1/1) D:5

Altars:
Elyvilon
Ru
Sif Muna
Trog
Uskayaw

Shops:
D:5 [


Innate Abilities, Weirdness & Mutations

Your natural rate of healing is unusually fast.
You have razor-sharp teeth.
You have supernaturally acute eyesight. (SInv)
You can survive without breathing.


Message History

Confirm with . or Enter, or press ? or * to list all spells.
Aiming: Sandblast (safe; 1% risk of failure)
Press: ? - help, Shift-Dir - straight line, f/p - ice beast
Aim: an ice beast (moderately wounded)
The blast of sand misses the ice beast.
b - 9 stones The ice beast hits you.
The ice beast freezes you!
* * * LOW HITPOINT WARNING * * *
Casting: Sandblast (safe; 1% risk of failure)
Confirm with . or Enter, or press ? or * to list all spells.
Aiming: Sandblast (safe; 1% risk of failure)
Press: ? - help, Shift-Dir - straight line, f/p - ice beast
Aim: an ice beast (moderately wounded)
The blast of sand hits the ice beast!
The ice beast is heavily wounded.
b - 8 stones The ice beast hits you.
* * * LOW HITPOINT WARNING * * *
The ice beast freezes you!
You die...

#.##.##.#.# #. ###.#...#.#.# #.
#...#...#.#.# #. ##.#.#...#.#.#
#.###...###..#.#.#
##.#≈≈...≈≈#....#.####
..#≈..♣..≈#.....>#..######
########.................8.....#
..........♣._.♣Y@.###..##.#..#.#
#.....##.........## ##.8.∩.8.#.#
#.?... ##≈..♣..≈## ####<####.#
#..... #≈≈...≈≈##### #8# #.#
#..... ###...###...# #.# #.#
#.....######........#####[####.#
#.....#....'........'..........#
#.....#.####........############
#.# #........#


You could see an ice beast.

Vanquished Creatures
  An ogre (D:4)
  A jelly (D:4)
  A hound (D:4)
  3 gnolls (D:3)
  4 adders
  An adder skeleton (D:4)
  A worm (D:3)
  A leopard gecko (D:5)
  4 orcs (D:4)
  2 giant cockroaches (D:4)
  3 goblins
  5 hobgoblins
  2 jackals (D:4)
  A ball python (D:3)
  3 bats
  A frilled lizard (D:3)
  6 kobolds
  5 rats
45 creatures vanquished.

Notes
Turn   | Place    | Note
-------+----------+-------------------------------------------
     0 | D:1      | Lanoc the Vampire Earth Elementalist began the quest for
                  | the Orb.
     0 | D:1      | Reached XP level 1. HP: 13/13 MP: 3/3
   251 | D:2      | Reached XP level 2. HP: 19/19 MP: 1/5
   775 | D:3      | Reached XP level 3. HP: 24/24 MP: 1/6
   833 | D:3      | Found a shimmering blue altar of Sif Muna.
   834 | D:3      | Found a hide-covered altar of Uskayaw.
   840 | D:3      | Became a worshipper of Sif Muna the Loreminder
   942 | D:3      | Reached skill level 4 in Earth Magic
  1027 | D:3      | Found a bloodstained altar of Trog.
  1046 | D:3      | Reached XP level 4. HP: 28/30 MP: 0/7
  1375 | D:4      | Noticed an ogre
  1379 | D:4      | Killed an ogre
  1379 | D:4      | Reached skill level 5 in Earth Magic
  1379 | D:4      | Reached XP level 5. HP: 35/35 MP: 3/8
  1739 | D:4      | Found a sacrificial altar of Ru.
  2225 | D:5      | Entered Level 5 of the Dungeon
  2230 | D:5      | Found a staircase to the Ecumenical Temple.
  2242 | Temple   | Entered the Ecumenical Temple
  2277 | D:5      | Found Kyffuzecwi's Antique Armour Shop.
  2300 | D:5      | Found a white marble altar of Elyvilon.
  2358 | D:5      | Noticed an ice beast
  2380 | D:5      | Slain by an ice beast

Illustrated notes

Levels and vault maps discovered:
D:1:      lightli_arrival_lavapool, layout_basic, minmay_pentomino_q2
D:2:      layout_basic, fedhas_altar_fruit_tree, serial_curves, eino_curves_04,
          eino_curves_04, eino_curves_03, eino_curves_01
D:3:      layout_loops_ring, lightli_temple_of_fire,
          gammafunk_temple_overflow_pools
D:4:      layout_gridville, nicolae_ru_path_of_blood, wad_orctagon
D:5:      layout_basic, grunt_temple_overflow_order_and_chaos_1,
          elyvilon_altar_4, minmay_temple_entry_mini_moons, serial_shops,
          nicolae_shop_statue_plus
Temple:   minmay_temple_forest_path

Skill      XL: |  1  2  3  4  5 |
---------------+----------------+-----
Dodging        | 3 4 |  4.2
Earth Magic    | 4 5 |  5.7
Stealth        | |  3.0
Spellcasting   | |  2.0
Transmutations | |  1.1

Action                   |  1- 3 |  4- 6 || total
-------------------------+-------+-------++-------
Melee: Unarmed           |    18 |    42 ||    60
       Bite              |     3 |     6 ||     9
 Cast: Sandblast         |    47 |    28 ||    75
 Stab: Sleeping          |     1 |     2 ||     3
       Distracted        |       |     1 ||     1
Armor: Robe              |     8 |     6 ||    14
Dodge: Dodged            |    21 |    36 ||    57

Table legend: (Time is in decaauts)
 A = Elapsed time spent in this place.
 B = Non-inter-level travel time spent in this place.
 C = Inter-level travel time spent in this place.
 D = Time resting spent in this place.
 E = Time spent auto-exploring this place.
 F = Levels seen in this place.
 G = Mean time per level.
                   A        B        C        D        E       F      G
               +--------+--------+--------+--------+--------+-----+--------+
         Total |   2379 |   2300 |     79 |      0 |   1930 |   6 |  396.5 |
       Dungeon |   2377 |   2298 |     79 |      0 |   1930 |   5 |  475.4 |
        Temple |      1 |      1 |      0 |      0 |      0 |   1 |    1.0 |
               +--------+--------+--------+--------+--------+-----+--------+

Top non-repeatable levels by time:
     D:3: 887 daAuts
     D:4: 848 daAuts
     D:2: 347 daAuts
     D:5: 153 daAuts
     D:1: 141 daAuts
  Temple: 1 daAuts
